 Dungeon Crawl Stone Soup version 0.30-a0-50-gb2d611f6b1 (webtiles) character file.

Game seed: 326034876084974628

138960 omnomnOMINOUS the Bludgeoner (level 16, -4/120 HPs)
             Began as an Octopode Wanderer on Sept 1, 2022.
             Was the Champion of Ru.
             Slain by a broodmother simulacrum (24 damage)
             ... on level 2 of the Spider Nest on Sept 3, 2022.
             The game lasted 01:54:19 (38446 turns).

omnomnOMINOUS the Bludgeoner (Octopode Wanderer)   Turns: 38446, Time: 01:54:20

Health: -4/120     AC: 13    Str: 13 (16) XL:     16   Next: 27%
Magic:  25/29      EV: 25    Int: 15 (17) God:    Ru [******]
Gold:   1246       SH:  5    Dex: 22      Spells: 10/33 levels left

rFire   . . .      SeeInvis .    a - +5 demon whip (elec)
rCold   . . .      Faith    .    (helmet restricted)
rNeg    . . .      Spirit   .    R - amulet of reflection
rPois   +          Reflect  +    p - +4 ring of protection
rElec   .          Harm     .    y - ring of willpower
rCorr   +          Rampage  .    J - +4 ring of protection
Will    ++...                    i - +6 ring of dexterity
Stlth   ++++......               K - +4 ring of protection
HPRegen 0.30/turn                j - +4 ring of slaying
MPRegen 0.21/turn                c - ring of resist corrosion

@: exhausted, unable to drink
A: almost no armour, amphibious, 7 rings, camouflage 1, gelatinous body 1,
inability to drink after injury 2, missing a hand, no ice magic, no necromancy
magic, no transmutations magic, inexperienced 1, (nimble swimmer 1), tentacles,
tentacle spike 1, poison resistance, strong 2
a: Renounce Religion, Draw Out Power, Power Leap, Apocalypse


You were on level 2 of the Spider Nest.
You worshipped Ru.
Ru was exalted by your worship.
You visited 5 branches of the dungeon, and saw 25 of its levels.
You also visited: Ossuary and Ice Cave.

You collected 2998 gold pieces.
You spent 1752 gold pieces at shops.

Inventory:

Hand Weapons
 a - a +5 demon whip of electrocution (weapon)
 d - the +5 dagger "Qine Aqu" {vamp, rF+ rN+ Dex-4}
   (You found it on level 3 of the Lair of Beasts)

   It occasionally heals its wielder for a portion of the damage dealt when it
   wounds a living foe.
   Dex:       It affects your dexterity (-4).
   rF:        It protects you from fire.
   rN:        It protects you from negative energy.
Missiles
 w - 4 throwing nets (quivered)
 B - 8 curare-tipped darts
Magical Staves
 b - a staff of air
 T - a staff of fire
 Y - a staff of cold
Jewellery
 c - a ring of resist corrosion (on tentacle)
 i - a +6 ring of dexterity (on tentacle)
 j - a +4 ring of slaying (on tentacle)
 p - a +4 ring of protection (left tentacle)
 x - an amulet of guardian spirit
 y - a ring of willpower (right tentacle)
 J - a +4 ring of protection (on tentacle)
 K - a +4 ring of protection (on tentacle)
 R - an amulet of reflection (around mantle)
 X - a ring of flight
Wands
 l - a wand of flame (24)
 m - a wand of polymorph (29)
 q - a wand of charming (25)
 F - a wand of digging (36)
 G - a wand of mindburst (13)
 H - a wand of acid (29)
 L - a wand of roots (22)
Scrolls
 f - 8 scrolls of teleportation
 g - 4 scrolls of vulnerability
 h - 8 scrolls of immolation
 n - a scroll of amnesia
 s - 2 scrolls of magic mapping
 t - 2 scrolls of summoning
 v - 5 scrolls of enchant armour
 C - a scroll of butterflies
 D - 2 scrolls of poison
 E - 2 scrolls of torment
 M - 2 scrolls of fear
 P - a scroll of blinking
 W - 4 scrolls of identify
 Z - a scroll of silence
Potions
 e - 7 potions of lignification
 k - 11 potions of curing
 r - a potion of haste
 u - 9 potions of ambrosia
 z - 2 potions of might
 A - 4 potions of berserk rage
 I - 2 potions of mutation
 N - 5 potions of flight
 O - 4 potions of attraction
 Q - 9 potions of heal wounds
 S - a potion of brilliance
 U - 4 potions of cancellation
 V - 3 potions of invisibility
Miscellaneous
 o - a piece from Xom's chessboard (15/15)


   Skills:
 + Level 14.4 Fighting
 - Level 2.0 Short Blades
 - Level 15.4 Maces & Flails
 + Level 14.4 Dodging
 - Level 5.3 Stealth
 - Level 9.1 Spellcasting
 * Level 11.7 Conjurations
 * Level 11.7 Air Magic
 - Level 6.1 Evocations


You had 10 spell levels left.
You knew the following spells:

 Your Spells              Type           Power      Damage    Failure   Level
a - Mephitic Cloud        Conj/Pois/Air  30%        N/A       1%          3
b - Lightning Bolt        Conj/Air       21%        1d36      2%          5
c - Maxwell's Capacitive  Air            21%        ∞         99%         8
d - Orb of Destruction    Conj           21%        9d8       58%         7

Your spell library contained the following spells:

 Spells                   Type           Power      Damage    Failure   Level
 Magic Dart               Conj           100%       1d8       1%          1
 Poisonous Vapours        Pois/Air       48%        N/A       1%          2
 Static Discharge         Conj/Air       84%        3-9/arc   1%          2
 Call Imp                 Summ           6%         N/A       16%         2
 Gell's Gravitas          Tloc           6%         N/A       32%         3
 Summon Guardian Golem    Hex/Summ       6%         N/A       32%         3
 Teleport Other           Tloc           6%         N/A       32%         3
 Olgreb's Toxic Radiance  Pois           6%         N/A       71%         4
 Dispersal                Tloc           3%         N/A       100%        6
 Spellforged Servitor     Conj/Summ      12%        N/A       100%        7
 Ignition                 Fire           3%         3d4       100%        8
 Sting                    Tmut/Pois      Unusable   1d4       N/A         1
 Freezing Cloud           Conj/Ice/Air   Unusable   6-21      N/A         5
 Ignite Poison            Fire/Tmut/Pois Unusable   N/A       N/A         3
 Ozocubu's Refrigeration  Ice            Unusable   4d8       N/A         7

Dungeon Overview and Level Annotations

Branches:
Dungeon (15/15)            Temple (0/1) D:4            Lair (5/5) D:9
  Swamp (1/4) Lair:3       Spider (2/4) Lair:2        Slime (0/5) Lair:5
    Orc (2/2) D:10            Elf (0/3) Orc:2        Vaults (0/5) D:14
 Depths (0/4) D:15        Ossuary (visited)           IceCv (visited)

Altars:
Cheibriados
Gozag
Makhleb
Ru
Sif Muna
Uskayaw
Vehumet
Xom
Zin

Shops:
D:5 [   D:6 (   D:10 (   D:15 =   Orc:2 [:*(

Annotations:
Spider:1 2 transporters, exclusions: oklob plant and 2 orange crystal statues, Arachne; drugrobin's ghost, journeyman DgDe


Innate Abilities, Weirdness & Mutations

You cannot wear most types of armour.
You are amphibious.
You can wear up to seven rings at the same time.
Your skin changes colour to match your surroundings (Stealth+).
Your rubbery body absorbs attacks. (AC +1, EV +1)
You sometimes lose the ability to drink potions when taking damage.
You are missing a hand.
You cannot study or cast Ice magic.
You cannot study or cast Necromancy magic.
You cannot study or cast Transmutations magic.
You are somewhat inexperienced. (-1 XL)
((You are camouflaged when in or above water. (Stealth+)))
You have tentacles for arms and can constrict up to seven enemies at once.
One of your tentacles bears a spike.
Your system is resistant to poisons. (rPois)
Your muscles are very strong. (Str +8, Int/Dex -2)


Message History

The jumping spider begins to attack, but is stunned by your conviction!
The culicivora simulacrum bites you but does no damage.
The broodmother simulacrum completely misses you.
The wolf spider hits you but does no damage.
The wolf spider closely misses you.
Okay, then.
Unknown command.
You cannot drink potions in your current state!
Okay, then.
Unknown command.
You cannot drink potions in your current state!
As you read the scroll of fear, it crumbles to dust.
You assume a fearsome visage.
The broodmother simulacrum is unaffected.
The orb spider looks frightened!
The jumping spider simulacrum is unaffected.
The culicivora simulacrum is unaffected.
The jumping spider looks frightened!
The wolf spider looks frightened! x2
The orb spider looks frightened! x2
You block the jumping spider simulacrum's attack.
The jumping spider simulacrum misses you.
The jumping spider leaps!
The culicivora simulacrum misses you.
The broodmother simulacrum bites you but does no damage.
The broodmother simulacrum attacks as you move away!
The broodmother simulacrum is stunned by your conviction and fails to attack.
The jumping spider leaps!
The jumping spider simulacrum completely misses you. x2
You redirect the orb spider's attack!
You block the culicivora simulacrum's attack.
The jumping spider leaps!
The jumping spider simulacrum closely misses you.
The jumping spider simulacrum barely misses you.
You redirect the orb spider's attack!
The orb spider weaves a glowing orb of energy.
An orb of destruction comes into view.
The broodmother simulacrum attacks as you move away!
The broodmother simulacrum bites you!
* * * LOW HITPOINT WARNING * * *
The broodmother simulacrum freezes you!!
You die...

..#....^. .....#......
..#...>.##.....##....###
........#...... #.......
^......^#....# #.......
............# ##.......
........!...# .^#.....°.
..s.○.......#...#....s..
...*.?†.<.!....##..○○...
......Z@Z......#†.°.....
....s..Z†.....##.*○.....
...)..........#..<..[...
###...####s...#.........
#...# .....#......s.B
...s# ....^#.........
#..# ........s...... .#.
........^...^... #
............


You could see 2 wolf spiders, 2 orb spiders, a jumping spider simulacrum, a
broodmother simulacrum and a culicivora simulacrum.

Vanquished Creatures
  Nikola (Spider:1)
  Jorgrun (D:14)
  Rupert (D:14)
  Gastronok (Lair:1)
  Roxanne (D:14)
  Kirke (D:14)
  2 ghost moths (Spider:1)
  A frost giant (IceCv)
  Louise (Spider:1)
  Aizul (Spider:1)
  An orc warlord (Orc:2)
  A broodmother (Spider:2)
  Nessos (Lair:4)
  A stone giant (D:15)
  An entropy weaver (Spider:2)
  A spark wasp (Spider:2)
  Josephine (D:11)
  9 hydras
  A rakshasa (D:14)
  6 centaur warriors
  2 boulder beetles (D:14)
  6 two-headed ogres
  8 tengu warriors
  A radroach (Spider:2)
  6 death yaks (IceCv)
  Urug (Lair:4)
  An orc high priest (Orc:2)
  Nergalle (D:11)
  5 skeletal warriors
  A sun moth (Spider:2)
  2 orb spiders
  A bog body (Lair:3)
  Pikel (D:7)
  9 orc knights
  5 deep elf pyromancers
  5 wolf spiders
  23 ugly things
  5 orc sorcerers
  3 manticores (D:13)
  9 cyclopes
  An ice statue (IceCv)
  14 elephants
  5 torpor snails
  2 black mambas
  22 cane toads
  A freezing wraith (D:10)
  A gargoyle (D:12)
  2 kobold demonologists (D:10)
  3 demonic crawlers
  2 rime drakes
  An efreet (D:13)
  3 komodo dragons
  3 tengu conjurers
  5 trolls
  A meliai (shapeshifter) (D:15)
  A queen bee (Lair:3)
  10 polar bears (IceCv)
  2 tyrant leeches (Lair:5)
  A hornet (Swamp:1)
  5 tarantellas
  14 slime creatures
  30 blink frogs
  A jumping spider (shapeshifter) (D:14)
  8 culicivoras
  A culicivora (shapeshifter) (D:15)
  6 jumping spiders
  4 shadows
  A spriggan (Swamp:1)
  6 wraiths
  3 wyverns
  63 yaks
  Grum (Lair:1)
  6 hogs (D:14)
  2 steam dragons
  2 water elementals
  16 humans (D:14)
  5 basilisks
  12 redbacks
  6 vampire mosquitoes
  3 wargs
  An acid dragon (D:8)
  2 swamp worms (Swamp:1)
  22 water moccasins
  4 sky beasts
  3 black bears
  37 orc warriors
  8 ogres
  40 wolves
  18 centaurs
  A phantom (D:6)
  6 kobold brigands
  A lemure (D:7)
  3 elf zombies (Ossuary)
  A gnoll sergeant (D:8)
  21 bullfrogs
  4 scorpions
  4 wights
  31 killer bees
  2 howler monkeys
  8 electric eels
  A centaur zombie (Ossuary)
  A crimson imp (D:7)
  14 orc priests
  7 jellies
  2 gnoll boudas
  3 iguanas
  18 orc wizards
  A polar bear simulacrum (D:13)
  4 spriggan simulacra (D:13)
  2 mummies (Ossuary)
  22 gnolls
  An adder (D:6)
  3 naga simulacra (D:13)
  2 shadow imps
  An adder zombie (Ossuary)
  4 worms
  2 dart slugs
  76 orcs
  5 bats
  17 endoplasms
  3 giant cockroaches (D:1)
  7 goblins
  4 hobgoblins
  8 jackals (D:1)
  7 quokkas
  3 training dummies (D:6)
  6 ball pythons
  2 frilled lizards
  A goblin zombie (Ossuary)
  11 hobgoblin zombies (Ossuary)
  2 jackal zombies (Ossuary)
  23 kobolds
  12 kobold zombies (Ossuary)
  5 orc zombies (Ossuary)
  2 rats (D:1)
903 creatures vanquished.

Vanquished Creatures (collateral kills)
  An ogre mage (Orc:1)
  4 ogres (Orc:1)
5 creatures vanquished.

Vanquished Creatures (others)
  A pharaoh ant (Spider:2)
  A wolf spider (Spider:2)
  An elephant (Lair:4)
  A demonic crawler (Spider:1)
  A cane toad (Lair:5)
  A troll (Orc:1)
  A yak (D:9)
  A steam dragon (D:7)
  A water moccasin (D:8)
  An adder (D:6)
  2 orcs
  A bat (D:15)
  46 fungi
  133 plants
192 creatures vanquished.

Grand Total: 1100 creatures vanquished

Notes
Turn   | Place    | Note
-------+----------+-------------------------------------------
     0 | D:1      | omnomnOMINOUS the Octopode Wanderer began the quest for the
                  | Orb.
     0 | D:1      | omnomnOMINOUS set off with the following items: a +2
                  | dagger, a scroll of blinking, a +0 short sword, a piece
                  | from Xom's chessboard (15/15), a potion of lignification.
     0 | D:1      | Reached XP level 1. HP: 11/11 MP: 1/1
   111 | D:1      | Reached XP level 2. HP: 8/18 MP: 2/2
   390 | D:1      | Reached skill level 1 in Fighting
   511 | D:1      | Reached skill level 1 in Spellcasting
   855 | D:1      | Reached XP level 3. HP: 23/23 MP: 4/4
  1826 | D:3      | Found a sacrificial altar of Ru.
  1835 | D:3      | Noticed a scorpion
  1836 | D:3      | Reached XP level 4. HP: 29/29 MP: 6/6
  1838 | D:3      | Became a worshipper of Ru the Awakened
  2099 | D:3      | Found a hide-covered altar of Uskayaw.
  2111 | D:3      | Found a snail-covered altar of Cheibriados.
  2113 | D:3      | Killed a scorpion
  2114 | D:3      | Reached skill level 1 in Shields
  2114 | D:3      | Reached XP level 5. HP: 34/34 MP: 6/8
  2506 | D:4      | Noticed a black bear
  2511 | D:4      | Killed a black bear
  2512 | D:4      | Reached XP level 6. HP: 36/41 MP: 9/9
  2605 | D:4      | Found a staircase to the Ecumenical Temple.
  2656 | D:4      | Reached XP level 7. HP: 13/46 MP: 11/11
  2711 | D:5      | Entered Level 5 of the Dungeon
  3129 | D:4      | Found a sand-covered staircase.
  3134 | Ossuary  | Entered an ossuary
  3192 | Ossuary  | Gained mutation: You are missing a hand. [Ru sacrifice]
  3192 | Ossuary  | Reached * piety under Ru
  3192 | Ossuary  | Reached ** piety under Ru
  3192 | Ossuary  | Reached *** piety under Ru
  3306 | Ossuary  | Reached skill level 1 in Maces & Flails
  3426 | Ossuary  | Reached skill level 2 in Maces & Flails
  4000 | D:5      | Reached skill level 3 in Maces & Flails
  4000 | D:5      | Reached XP level 8. HP: 34/54 MP: 13/13
  4811 | D:5      | Reached skill level 4 in Maces & Flails
  5099 | D:5      | Reached skill level 5 in Dodging
  5282 | D:5      | Reached skill level 5 in Fighting
  5300 | D:5      | Reached skill level 5 in Maces & Flails
  5542 | D:5      | Found Gohis's Armour Shop.
  5947 | D:6      | Reached XP level 9. HP: 47/61 MP: 16/16
  6110 | D:6      | Reached skill level 5 in Spellcasting
  6140 | D:6      | Reached skill level 6 in Maces & Flails
  6286 | D:6      | Found a shimmering blue altar of Sif Muna.
  6304 | D:6      | Gained mutation: You are somewhat inexperienced. (-1 XL)
                  | [Ru sacrifice]
  6304 | D:6      | Reached XP level 8. HP: 52/56 MP: 15/15
  6304 | D:6      | Reached **** piety under Ru
  6495 | D:6      | Found Tyntias's Firing Range.
  6881 | D:6      | Gained mutation: Your muscles are strong. (Str +4, Int/Dex
                  | -1) [potion of mutation]
  6881 | D:6      | Gained mutation: You have hidden genetic potential. [potion
                  | of mutation]
  7159 | D:6      | Reached skill level 7 in Maces & Flails
  7728 | D:7      | Noticed Pikel
  7755 | D:7      | Killed Pikel
  8003 | D:7      | Reached skill level 8 in Maces & Flails
  8084 | D:7      | Found an opulent altar of Gozag.
  8090 | D:7      | Reached XP level 9. HP: 63/63 MP: 18/18
  8237 | D:7      | Found a burning altar of Makhleb.
  8238 | D:7      | Found a radiant altar of Vehumet.
  8576 | D:8      | Reached skill level 9 in Maces & Flails
  8832 | D:8      | Gained mutation: You have great hidden genetic potential.
                  | [hidden potential]
  9088 | D:8      | Found a flagged portal.
  9819 | D:9      | Gained mutation: You occasionally lose the ability to drink
                  | potions when taking damage. [Ru sacrifice]
  9819 | D:9      | Gained mutation: You sometimes lose the ability to drink
                  | potions when taking damage. [Ru sacrifice]
  9819 | D:9      | Reached ***** piety under Ru
  9842 | D:9      | Noticed a two-headed ogre
  9901 | D:9      | Noticed an orb spider
  9901 | D:9      | a two-headed ogre changed into an orb spider
  9906 | D:9      | Killed an orb spider
  9907 | D:9      | Reached skill level 10 in Maces & Flails
 10188 | D:10     | Entered Level 10 of the Dungeon
 10425 | D:10     | Reached skill level 11 in Maces & Flails
 10690 | D:10     | Found Keoxyum's Weapon Shoppe.
 10692 | D:10     | Found a staircase to the Orcish Mines.
 10809 | D:10     | Reached XP level 10. HP: 68/72 MP: 20/20
 10832 | D:10     | Reached skill level 12 in Maces & Flails
 10852 | D:10     | Gained mutation: Your system is resistant to poisons.
                  | (rPois) [hidden potential]
 10852 | D:10     | Lost mutation: You have great hidden genetic potential.
                  | [hidden potential expressed]
 11225 | D:10     | Noticed a two-headed ogre
 11576 | D:9      | Identified the +3 scale mail of the Tundras {Fly rPois
                  | Str-4 Dex+5}
 12002 | D:9      | Gained mutation: You cannot study or cast Ice magic. [Ru
                  | sacrifice]
 12002 | D:9      | Gained mutation: You cannot study or cast Transmutations
                  | magic. [Ru sacrifice]
 12002 | D:9      | Gained mutation: You cannot study or cast Necromancy magic.
                  | [Ru sacrifice]
 12002 | D:9      | Reached ****** piety under Ru
 12174 | D:9      | Found a staircase to the Lair.
 12437 | Lair:1   | Entered Level 1 of the Lair of Beasts
 12442 | Lair:1   | Noticed Grum
 12799 | Lair:1   | Killed Grum
 12886 | Lair:1   | Noticed Gastronok
 13021 | Lair:1   | Killed Gastronok
 13147 | Lair:1   | Reached XP level 11. HP: 81/81 MP: 23/23
 13255 | Lair:1   | Reached skill level 10 in Dodging
 13260 | Lair:1   | Gained mutation: One of your tentacles bears a spike.
                  | [hidden potential]
 13678 | Lair:1   | Reached skill level 10 in Fighting
 14025 | Lair:2   | Found a hole to the Spider Nest.
 15389 | Lair:3   | Identified the +5 dagger "Qine Aqu" {vamp, rF+ rN+ Dex-4}
 15428 | Lair:3   | Noticed a four-headed hydra
 15445 | Lair:3   | Killed a four-headed hydra
 15446 | Lair:3   | Reached skill level 13 in Maces & Flails
 15703 | Lair:3   | You fall into a shaft and drop 1 floor!
 16087 | Lair:3   | Reached skill level 5 in Evocations
 16211 | Lair:3   | Found a staircase to the Swamp.
 16395 | Lair:3   | Reached XP level 12. HP: 71/89 MP: 22/25
 16662 | Lair:3   | Gained mutation: Your muscles are very strong. (Str +8,
                  | Int/Dex -2) [hidden potential]
 16662 | Lair:3   | Lost mutation: You have hidden genetic potential. [hidden
                  | potential expressed]
 17304 | Lair:4   | Found a snail-covered altar of Cheibriados.
 17469 | Lair:4   | Learned a level 3 spell: Mephitic Cloud
 17546 | Lair:4   | Noticed Urug
 17576 | Lair:4   | Killed Urug
 17577 | Lair:4   | Reached skill level 14 in Maces & Flails
 17577 | Lair:4   | Reached skill level 1 in Conjurations
 17666 | Lair:4   | Reached skill level 1 in Air Magic
 17914 | Lair:4   | Noticed Nessos
 17938 | Lair:4   | Killed Nessos
 18839 | Lair:5   | Entered Level 5 of the Lair of Beasts
 18851 | Lair:5   | Found a staircase to the Slime Pits.
 19340 | Lair:5   | Reached XP level 13. HP: 49/92 MP: 26/26
 19583 | Lair:5   | Identified the +0 plate armour of the Little Devil {rF-
                  | Regen+ Int+3}
 19917 | Lair:5   | Identified the +5 falchion of Wyapnat {drain, Str+6 Dex+3}
 19946 | Lair:5   | Reached skill level 5 in Conjurations
 19968 | Lair:5   | Reached skill level 5 in Air Magic
 22317 | Orc:1    | Entered Level 1 of the Orcish Mines
 22847 | Orc:2    | Entered Level 2 of the Orcish Mines
 23370 | Orc:2    | HP: 4/98 [orc knight/+0 halberd (43)]
 25072 | Orc:2    | Noticed an orc warlord
 25775 | Orc:2    | Killed an orc warlord
 25933 | Orc:2    | Found Tapt's General Store.
 25935 | Orc:2    | Reached XP level 14. HP: 94/94 MP: 27/27
 25953 | Orc:2    | Reached skill level 15 in Maces & Flails
 25953 | Orc:2    | Found Jimeam's Antique Weapon Boutique.
 25959 | Orc:2    | Found Kuocish's Book Boutique.
 26077 | Orc:2    | Found Xywethiph's Antique Armour Boutique.
 26287 | Orc:2    | Found a staircase to the Elven Halls.
 26570 | Orc:2    | Upgraded the game from 0.30-a0-46-g5a63ccc183 to
                  | 0.30-a0-49-g1cef19eb02
 26570 | Orc:2    | Bought a book of Lightning for 504 gold pieces
 26576 | Orc:2    | Learned a level 5 spell: Lightning Bolt
 26585 | Orc:2    | Learned a level 8 spell: Maxwell's Capacitive Coupling
 26943 | D:11     | Noticed Josephine
 27122 | D:11     | Killed Josephine
 27909 | D:11     | Noticed Nergalle
 27925 | D:11     | Killed Nergalle
 29497 | D:12     | Identified a scroll of acquirement
 29499 | D:12     | Upgraded the game from 0.30-a0-49-g1cef19eb02 to
                  | 0.30-a0-50-gb2d611f6b1
 29499 | D:12     | Acquired a +2 demon whip of flaming
 30238 | D:13     | Found a frozen archway.
 30273 | IceCv    | Entered an ice cave
 30758 | IceCv    | Identified the +0 leather armour of Beunt {rN++ Will+ Int+2
                  | Dex+3}
 31473 | IceCv    | Noticed a frost giant
 31635 | IceCv    | Killed a frost giant
 31940 | D:14     | Noticed Rupert
 31940 | D:14     | Noticed Kirke
 31940 | D:14     | Found a gate to the Vaults.
 31943 | D:14     | Killed Rupert
 31944 | D:14     | Reached XP level 15. HP: 95/111 MP: 19/28
 31947 | D:14     | Killed Kirke
 31959 | D:14     | Noticed Jorgrun
 31971 | D:14     | Killed Jorgrun
 32585 | D:14     | Identified Roxanne's Atlas of Shapeshifting
 32585 | D:14     | Noticed Roxanne
 32785 | D:14     | Reached skill level 10 in Air Magic
 33005 | D:14     | Reached skill level 10 in Conjurations
 33479 | D:14     | Killed Roxanne
 33774 | D:15     | Entered Level 15 of the Dungeon
 34310 | D:14     | Learned a level 7 spell: Orb of Destruction
 34654 | D:15     | Found Xogixei's Jewellery Shoppe.
 34660 | D:15     | Bought a +4 ring of slaying for 1248 gold pieces
 34743 | D:15     | Found a shimmering altar of Xom.
 35153 | D:15     | Found a staircase to the Depths.
 35538 | D:15     | Found a glowing silver altar of Zin.
 35961 | Swamp:1  | Entered Level 1 of the Swamp
 36035 | Spider:1 | Entered Level 1 of the Spider Nest
 36035 | Spider:1 | Noticed Louise
 36044 | Spider:1 | Killed Louise
 36186 | Spider:1 | Noticed Aizul
 36192 | Spider:1 | Found a transporter.
 36194 | Spider:1 | Found a transporter.
 36331 | Spider:1 | Killed Aizul
 36595 | Spider:1 | Noticed Arachne
 36619 | Spider:1 | Identified the +2 pair of gloves of Werhokla {Rampage Int+4
                  | Stlth+}
 36619 | Spider:1 | Noticed Nikola
 36638 | Spider:1 | Killed Nikola
 36639 | Spider:1 | Reached XP level 16. HP: 73/119 MP: 29/29
 36929 | Spider:1 | Noticed drugrobin's ghost (journeyman DgDe)
 38446 | Spider:2 | Slain by a broodmother simulacrum

Illustrated notes

Levels and vault maps discovered:
D:1:      lemuel_arrival_room, layout_basic
D:2:      layout_rooms, nicolae_underground_beach
D:3:      layout_loops_ring, mainiacjoe_overflow_concentric_impassable,
          mainiacjoe_overflow_large_starburst, chequers_mini_garden
D:4:      layout_basic, minmay_temple_entry_sparse_star, enter_ossuary_5,
          nrook_mini_backslash, minmay_manual_mares
D:5:      layout_basic, serial_shops, shop, serial_corexii_hall,
          chequers_hall_statues_corner_a, corexii_hall_statues_x,
          chequers_hall_statues_wall_a, grunt_decor_one_mirror,
          minmay_fractal_squares_gapless_5
D:6:      layout_loops_ring, mainiacjoe_overflow_catwalk, roderic_roman_lattice,
          chequers_big_river, nicolae_shop_firing_range
D:7:      layout_rooms, grunt_temple_overflow_lords_of_destruction,
          mainiacjoe_overflow_brackets, uniq_pikel
D:8:      layout_rooms, enter_bailey_7
D:9:      layout_basic, minmay_lair_entry_grove
D:10:     wad_guarded_room, layout_gridville, orc_david_3
D:11:     layout_basic, uniq_nergalle, uniq_josephine
D:12:     layout_grid_maze, special_room [special_room_orc], item_on_display_a
D:13:     layout_cross, portal_ice_cave_entry_ice_simulacra
D:14:     layout_basic, david_vaults_3, chequers_serial_rivers_micro_b,
          minivault_19, uniq_jorgrun, uniq_kirke, uniq_roxanne
D:15:     grunt_enter_depths_snipers, layout_long_grid, basic_altar,
          minmay_shop_enchanted_jewellery, tgw_xom
Lair:1:   layout_regular_city, chequers_serial_rivers_large_a,
          grunt_megastairs_4, uniq_gastronok, uniq_grum
Lair:2:   layout_cave_pods, spider_nest_entry_rubble, beast_lair_carwin_9,
          infiniplex_staircase_pool_2
Lair:3:   layout_roguey [special_room_bee], skrybe_swamp_entry_bodies
Lair:4:   layout_long_grid, kennysheep_snail_temple, uniq_nessos, uniq_urug
Lair:5:   minmay_lair_end_frog_pond, layout_cave_pods,
          nicolae_slime_entry_slimehenge, gauntlet_entry_generic
Swamp:1:  layout_basic_swamp, infiniplex_staircase_pool, uniq_mlioglotl
Spider:1: layout_cave_pods, nzn_ghost_randoct, uniq_aizul, uniq_nikola,
          uniq_rupert, uniq_louise
Spider:2: layout_spider_delve, nicolae_spider_jagged_tunnels
Orc:1:    layout_caves
Orc:2:    grunt_orc_cross, layout_caves, nicolae_orc_crystal_geode

Skill      XL: |  1  2  3  4  5  6  7  8  9 10 11 12 13 14 15 |
---------------+----------------------------------------------+-----
Fighting       | 1 2 3 4 6 7 9 10 11 12 13 14 | 14.4
Spellcasting   | 1 2 3 6 7 8 9 |  9.1
Dodging        | 2 3 4 6 8 9 10 11 12 13 14 | 14.4
Shields        | 1 2 0 |  0.0
Maces & Flails | 3 8 11 12 13 14 15 | 15.4
Evocations     | 5 6 |  6.1
Conjurations   | 4 6 9 11 | 11.7
Air Magic      | 4 6 9 11 | 11.7
Short Blades   | |  2.0
Stealth        | |  5.3

Action                   |  1- 3 |  4- 6 |  7- 9 | 10-12 | 13-15 | 16-18 || total
-------------------------+-------+-------+-------+-------+-------+-------++-------
Melee: Dagger            |    73 |    54 |     7 |       |       |       ||   134
       Constrict         |    19 |    12 |   100 |    99 |   200 |    25 ||   455
       Tentacles         |    12 |    10 |   153 |   260 |   524 |    36 ||   995
       Punch             |       |     1 |    10 |    22 |    26 |     2 ||    61
       Whip              |       |       |   538 |   846 |   714 |       ||  2098
       Spear             |       |       |     1 |       |       |       ||     1
       Kick              |       |       |       |   286 |   782 |    70 ||  1138
       Demon whip        |       |       |       |       |   694 |   128 ||   822
       Flail             |       |       |       |       |   142 |       ||   142
       Staff             |       |       |       |       |    22 |       ||    22
Throw: Throwing net      |       |       |       |       |     1 |       ||     1
 Cast: Mephitic Cloud    |       |       |       |     5 |    34 |       ||    39
       Lightning Bolt    |       |       |       |       |    21 |       ||    21
Invok: Sacrifice a Hand  |       |       |     1 |       |       |       ||     1
       Draw Out Power    |       |       |     3 |     9 |     6 |     1 ||    19
       Sacrifice Experie |       |       |     1 |       |       |       ||     1
       Sacrifice Drink   |       |       |     1 |       |       |       ||     1
       Power Leap        |       |       |       |     7 |     1 |     2 ||    10
       Sacrifice Arcana  |       |       |       |     1 |       |       ||     1
       Apocalypse        |       |       |       |     1 |     2 |       ||     3
Evoke: Piece from Xom's  |       |     5 |    26 |     7 |     4 |       ||    42
       Wand              |       |       |     2 |    10 |     5 |       ||    17
  Use: Scroll            |       |     6 |     9 |    11 |    14 |     2 ||    42
       Potion            |       |     2 |     8 |       |     1 |       ||    11
 Stab: Sleeping          |    16 |     5 |    23 |    19 |    20 |     1 ||    84
       Paralysed         |       |     1 |       |     8 |    22 |     2 ||    33
       Petrified         |       |     1 |     1 |       |    11 |       ||    13
       Invisible         |       |       |     5 |     6 |    10 |     2 ||    23
       Distracted        |       |       |     3 |     9 |    16 |       ||    28
       Confused          |       |       |     1 |    14 |    25 |       ||    40
Armor: Skin              |     4 |    30 |   100 |   109 |   166 |    46 ||   455
Dodge: Dodged            |    39 |    44 |   298 |   500 |   668 |   164 ||  1713
Block: Buckler           |     1 |    20 |     5 |       |       |       ||    26
       Other             |       |       |       |    23 |   168 |    30 ||   221
       Reflection        |       |       |       |       |     9 |       ||     9

Table legend: (Time is in decaauts)
 A = Elapsed time spent in this place.
 B = Non-inter-level travel time spent in this place.
 C = Inter-level travel time spent in this place.
 D = Time resting spent in this place.
 E = Time spent auto-exploring this place.
 F = Levels seen in this place.
 G = Mean time per level.
                   A        B        C        D        E       F      G
               +--------+--------+--------+--------+--------+-----+--------+
         Total |  37165 |  35566 |   1599 |  11760 |  16846 |  27 | 1376.5 |
       Dungeon |  20786 |  19762 |   1024 |   5711 |  10041 |  15 | 1385.7 |
          Lair |   8237 |   7867 |    370 |   2171 |   4231 |   5 | 1647.4 |
         Swamp |     23 |     23 |      0 |      0 |      0 |   1 |   23.0 |
   Spider Nest |   2197 |   2080 |    117 |   1098 |    605 |   2 | 1098.5 |
  Orcish Mines |   4102 |   4016 |     86 |   1977 |   1445 |   2 | 2051.0 |
       Ossuary |    409 |    409 |      0 |      0 |    215 |   1 |  409.0 |
      Ice Cave |   1408 |   1408 |      0 |    803 |    308 |   1 | 1408.0 |
               +--------+--------+--------+--------+--------+-----+--------+

Top non-repeatable levels by time:
     D:5: 2254 daAuts
  Lair:4: 2192 daAuts
     D:9: 2184 daAuts
   Orc:1: 2130 daAuts
Spider:1: 2090 daAuts
    D:14: 2083 daAuts
   Orc:2: 1972 daAuts
    D:10: 1855 daAuts
  Lair:5: 1754 daAuts
  Lair:3: 1734 daAuts
     D:6: 1622 daAuts
    D:11: 1525 daAuts
    D:12: 1511 daAuts
   IceCv: 1408 daAuts
     D:1: 1362 daAuts
